 Dungeon Crawl Stone Soup version 0.28-a0-1143-gcf6077d4cc (webtiles) character file.

Game seed: 7678858094784540735

203 SensoryNuts the Slasher (level 5, -1/39 HPs)
             Began as a Demonspawn Gladiator on Dec 13, 2021.
             Slain by an orc warrior (13 damage)
             ... on level 4 of the Dungeon.
             The game lasted 00:03:25 (3689 turns).

SensoryNuts the Slasher (Demonspawn Gladiator)      Turns: 3689, Time: 00:03:26

Health: -1/39      AC: 12    Str: 17    XL:     5   Next: 51%
Magic:  5/5        EV: 10    Int:  9    God:
Gold:   97         SH:  0    Dex: 14    Spells: 4/4 levels left

rFire   + . .      SeeInvis .   m - +4 dagger (flame)
rCold   + . .      Faith    .   (no shield)
rNeg    . . .      Spirit   .   p - +1 scale mail
rPois   +          Reflect  .   c - +0 helmet
rElec   +          Harm     .   (no cloak)
rCorr   +          Rampage  .   (no gloves)
Will    .....                   (no boots)
Stlth   ..........              (no amulet)
HPRegen 0.13/turn               j - +4 ring of protection
MPRegen 0.09/turn               (no ring)

@: resistant
A: claws 1
a: no special abilities


You were on level 4 of the Dungeon.
You visited 1 branch of the dungeon, and saw 4 of its levels.

You collected 97 gold pieces.

Inventory:

Hand Weapons
 a - a +0 long sword
 m - a +4 dagger of flaming (weapon)
Missiles
 d - 3 throwing nets (quivered)
Armour
 b - a +0 leather armour
 c - a +0 helmet (worn)
 p - a +1 scale mail (worn)
Jewellery
 j - a +4 ring of protection (left claw)
Scrolls
 k - 3 scrolls of identify
 l - 2 scrolls of torment
Potions
 e - a potion of brilliance
 f - a potion of attraction
 h - a potion of flight


   Skills:
 + Level 2.6 Fighting
 + Level 4.3 Long Blades
 + Level 1.8 Throwing
 + Level 1.5 Armour
 + Level 3.6 Dodging
 + Level 0.6 Stealth


You had 4 spell levels left.
You didn't know any spells.
Your spell library was empty.

Dungeon Overview and Level Annotations

Branches:
Dungeon (4/15)
 Temple: D:4-7

Altars:
Hepliaklqana
Trog


Innate Abilities, Weirdness & Mutations

You have sharp fingernails.


Message History

An orc comes into view. It is wielding a +0 whip.
An orc is nearby!
An orc is nearby!
An orc is nearby!
The orc shouts!
You hear a shout!
You hear the slow rusting of a very distant drain.
The orc warrior shouts!
You hear a shout! x2
An orc comes into view. It is wielding a +0 club.
The orc hits you but does no damage.
The orc shouts!
You hit the orc. You burn the orc.
The orc is heavily wounded.
An orc comes into view. It is wielding a +0 dagger.
You hit the orc. You burn the orc.
You kill the orc!
An orc comes into view. It is wielding a +0 hand axe.
You see here a +0 whip.
The orc warrior hits you with a +0 halberd!
The orc warrior hits you but does no damage.
You feel protected. The orc warrior closely misses you.
Okay, then.
The orc hits you but does no damage.
The orc warrior hits you from afar with a +0 halberd!
The orc hits you but does no damage.
You hit the orc. You burn the orc.
The orc is moderately wounded.
You hit the orc. You burn the orc.
The orc is heavily wounded.
The orc hits you with a +0 dagger.
* * * LOW HITPOINT WARNING * * *
You hit the orc. You burn the orc.
You kill the orc!
Things that are here:
a +0 dagger; a +0 leather armour; an orc corpse You hit the orc warrior but do no damage.
The orc warrior hits you but does no damage.
You closely miss the orc warrior.
The orc warrior hits you with a +0 halberd!
You die...

#..# # ...# .. ... ##..<
... ##... ..... ....
#...#...... .....
#.#.#...... ......#######
######.#.#......
#..)....###.[.............
###....ooo@.............).
#.....###...............
####### #.........######
#.........# ###########


You could see an orc warrior and 2 orcs.

Vanquished Creatures
  A scorpion (D:4)
  An orc wizard (D:3)
  4 adders
  2 worms
  A dart slug (D:1)
  10 orcs
  5 bats
  4 endoplasms
  3 giant cockroaches
  6 goblins
  5 hobgoblins
  A jackal (D:3)
  2 kobolds (D:2)
  3 quokkas
  4 ball pythons
  6 frilled lizards
  6 rats
64 creatures vanquished.

Vanquished Creatures (others)
  4 toadstools (D:1)
4 creatures vanquished.

Grand Total: 68 creatures vanquished

Notes
Turn   | Place    | Note
-------+----------+-------------------------------------------
     0 | D:1      | SensoryNuts the Demonspawn Gladiator began the quest for
                  | the Orb.
     0 | D:1      | Reached XP level 1. HP: 16/16 MP: 1/1
   177 | D:1      | Reached skill level 3 in Long Blades
   177 | D:1      | Gained mutation: You have sharp fingernails. [demonic
                  | ancestry]
   177 | D:1      | Reached XP level 2. HP: 16/22 MP: 2/2
   442 | D:1      | Found a faded altar of an unknown god.
  1024 | D:2      | Reached XP level 3. HP: 5/27 MP: 3/3
  1028 | D:2      | HP: 1/27 [poisoned by an adder]
  2261 | D:2      | Reached XP level 4. HP: 30/33 MP: 4/4
  2688 | D:3      | Reached skill level 1 in Armour
  2827 | D:3      | Found a hazy altar of Hepliaklqana.
  2886 | D:3      | Found a bloodstained altar of Trog.
  3002 | D:3      | Reached skill level 4 in Long Blades
  3273 | D:3      | Reached XP level 5. HP: 39/39 MP: 5/5
  3600 | D:4      | Noticed a black bear
  3646 | D:4      | Noticed an orc warrior
  3689 | D:4      | Slain by an orc warrior

Illustrated notes

Levels and vault maps discovered:
D:1:      ldierk_walled_garden_2, layout_basic, basic_ecumenical_altar
D:2:      layout_basic, nicolae_underground_beach
D:3:      layout_loops_ring, nicolae_hepliaklqana_hippocampus, trog_book
D:4:      layout_rooms, portal_sewer_entry_f

Skill      XL: |  1  2  3  4 |
---------------+-------------+-----
Long Blades    | 3 4 |  4.3
Dodging        | 3 |  3.6
Armour         | 1 |  1.5
Fighting       | |  2.6
Throwing       | |  1.8
Stealth        | |  0.6

Action                   |  1- 3 |  4- 6 || total
-------------------------+-------+-------++-------
Melee: Long sword        |   116 |    77 ||   193
       Dagger            |       |    39 ||    39
  Use: Potion            |     3 |     5 ||     8
       Scroll            |     2 |     8 ||    10
Armor: Leather armour    |    37 |       ||    37
       Scale mail        |    12 |    68 ||    80
Dodge: Dodged            |    83 |    54 ||   137

Table legend: (Time is in decaauts)
 A = Elapsed time spent in this place.
 B = Non-inter-level travel time spent in this place.
 C = Inter-level travel time spent in this place.
 D = Time resting spent in this place.
 E = Time spent auto-exploring this place.
 F = Levels seen in this place.
 G = Mean time per level.
                   A        B        C        D        E       F      G
               +--------+--------+--------+--------+--------+-----+--------+
         Total |   3729 |   3729 |      0 |      0 |   2972 |   4 |  932.2 |
       Dungeon |   3729 |   3729 |      0 |      0 |   2972 |   4 |  932.2 |
               +--------+--------+--------+--------+--------+-----+--------+

Top non-repeatable levels by time:
     D:2: 1526 daAuts
     D:1: 1016 daAuts
     D:3: 914 daAuts
     D:4: 272 daAuts
